 Dungeon Crawl Stone Soup version 0.28-a0-1518-gbe868bca14 (webtiles) character file.

Game seed: 17548083069908023439

457 sanka the Insei (level 7, 0/59 HPs)
             Began as a Gnoll Monk on Jan 16, 2022.
             Slain by an ogre (25 damage)
             ... on level 5 of the Dungeon.
             The game lasted 00:04:52 (4671 turns).

sanka the Insei (Gnoll Monk)                        Turns: 4671, Time: 00:04:53

Health: 0/59       AC:  4    Str: 10    XL:     7   Next: 6%
Magic:  10/10      EV: 15    Int: 12    God:
Gold:   158        SH:  0    Dex: 14    Spells: 10/10 levels left

rFire   . . .      SeeInvis .     - Unarmed
rCold   . . .      Faith    .   (no shield)
rNeg    . . .      Spirit   .   a - +0 robe
rPois   .          Reflect  .   (no helmet)
rElec   .          Harm     .   i - +1 cloak
rCorr   .          Rampage  .   (no gloves)
Will    .....                   (no boots)
Stlth   +++.......              (no amulet)
HPRegen 0.19/turn               (no ring)
MPRegen 0.12/turn               (no ring)

@: no status effects
A: fangs 1, strong nose, distributed training
a: no special abilities


You were on level 5 of the Dungeon.
You visited 2 branches of the dungeon, and saw 6 of its levels.

You collected 158 gold pieces.


Innate Abilities, Weirdness & Mutations

You have very sharp teeth.
Your uncanny sense of smell can sniff out nearby items.
Your experience applies equally to all skills.


   Skills:
 + Level 6.9 Fighting
 + Level 2.2 Short Blades
 + Level 2.2 Long Blades
 + Level 2.2 Axes
 + Level 2.2 Maces & Flails
 + Level 2.2 Polearms
 + Level 2.2 Staves
 + Level 2.2 Slings
 + Level 2.2 Bows
 + Level 2.2 Crossbows
 + Level 2.2 Throwing
 + Level 2.2 Armour
 + Level 6.9 Dodging
 + Level 4.7 Stealth
 + Level 2.2 Shields
 + Level 6.9 Unarmed Combat
 + Level 2.2 Spellcasting
 + Level 1.8 Conjurations
 + Level 1.8 Hexes
 + Level 1.8 Summonings
 + Level 1.8 Necromancy
 + Level 1.8 Translocations
 + Level 1.8 Transmutations
 + Level 1.8 Fire Magic
 + Level 1.8 Ice Magic
 + Level 1.8 Air Magic
 + Level 1.8 Earth Magic
 + Level 1.8 Poison Magic
 + Level 2.5 Invocations
 + Level 2.2 Evocations


You had 10 spell levels left.
You didn't know any spells.
Your spell library contained the following spells:

 Spells                   Type           Power      Damage    Failure   Level
 Blink                    Tloc           10%        N/A       19%         2
 Lesser Beckoning         Tloc           5%         N/A       36%         3
 Manifold Assault         Tloc           5%         N/A       98%         5

Inventory:

Armour
 a - a +0 robe (worn)
 i - a +1 cloak (worn)
Scrolls
 b - 4 scrolls of identify {unknown}
 c - 2 scrolls of holy word {unknown}
 f - a scroll of amnesia {unknown}
 h - 4 scrolls of teleportation {unknown}
 k - a scroll of enchant weapon {unknown}
Potions
 d - 2 potions of flight {unknown}
 e - 2 potions of resistance {unknown}
 g - 2 potions of heal wounds {unknown}
 j - 2 potions of curing {unknown}
 l - a potion of ambrosia {unknown}
 m - 2 potions of attraction {unknown}

Dungeon Overview and Level Annotations

Branches:
Dungeon (5/15)             Temple (1/1) D:5

Altars:
Ashenzari
Dithmenos
Fedhas
Gozag
Hepliaklqana
Makhleb
Nemelex Xobeh
Qazlal
Ru
Sif Muna
Trog
Vehumet
Wu Jian
Xom
Yredelemnul
Zin
The Shining One

Shops:
D:5

[
......▒...▒..................▒
8▒▒▒8▒▒▒▒.▒▒▒................▒
▒▒▒▒.▒▒▒▒.▒▒▒▒▒▒▒▒▒▒▒▒▒.▒▒▒▒▒▒
..'..........▒ ▒.▒
..▒........).▒ ▒.▒▒
▒▒▒▒..▒▒▒..▒▒▒▒▒▒▒▒▒ ▒..▒
..▒▒..▒▒▒▒▒▒▒▒.....▒▒▒▒▒.▒
..'...▒..▒...▒.....▒...▒.▒
..▒...'....⌠....g....⌠...▒
..▒...▒..▒...▒..O..▒...▒▒▒
..▒...▒..▒▒▒▒▒.....▒▒▒▒▒
..▒...▒.....▒▒▒▒▒▒▒▒
....▒▒▒▒▒..▒▒ ▒▒▒▒. ▒▒▒▒ .


You could see an ogre.


Message History

You enter the shallow water.
Found a shimmering blue altar of Sif Muna.
There is a glowing golden altar of the Shining One here.
There is a glowing golden altar of the Shining One here.
You enter the shallow water.
You enter the shallow water.
You enter the shallow water.
Done exploring.
Done exploring.
Done exploring.
Done exploring.
Search for what [Enter for "."]? chei Can't find anything matching that.
You enter the shallow water.
You enter the shallow water.
You enter the shallow water.
There is a staircase back to the Dungeon here.
You climb upwards.
Welcome back to the Dungeon!
The ogre hits you with a +0 giant club!
There is a staircase to the Ecumenical Temple here.
Unknown command.
You hit the ogre.
The ogre is lightly wounded.
The ogre hits you with a +0 giant club!!
* * * LOW HITPOINT WARNING * * *
You hit the ogre.
The ogre is moderately wounded.
The ogre hits you with a +0 giant club!!
You die...

Action                   |  1- 3 |  4- 6 |  7- 9 || total
-------------------------+-------+-------+-------++-------
Melee: Unarmed           |    69 |   194 |     2 ||   265
       Bite              |     6 |    13 |       ||    19
       Punch             |     3 |    11 |       ||    14
 Stab: Sleeping          |     7 |     6 |       ||    13
Armor: Robe              |     3 |    23 |       ||    26
Dodge: Dodged            |    34 |   118 |       ||   152

Levels and vault maps discovered:
D:1:      kennysheep_arrival_forest, layout_basic, serial_bayou_pond_a
D:2:      layout_rooms
D:3:      layout_rooms, mainiacjoe_overflow_six_doors_small, bloody_trog,
          shapermc_ecumenical_altar_notcrosses, moated_statue,
          cheibrodos_gnoll_hut
D:4:      layout_rooms
D:5:      layout_gridville, grunt_temple_overflow_open,
          minmay_temple_entry_antechambers, chequers_serial_rivers_micro_e,
          hangedman_decor_lopped, nicolae_stop_n_shop_2
Temple:   regret_index_temple_waves

Notes
Turn   | Place    | Note
-------+----------+-------------------------------------------
     0 | D:1      | sanka the Gnoll Monk began the quest for the Orb.
     0 | D:1      | Reached XP level 1. HP: 23/23 MP: 1/1
   211 | D:1      | Reached XP level 2. HP: 29/29 MP: 2/2
   514 | D:1      | Reached XP level 3. HP: 32/35 MP: 3/3
  1030 | D:1      | Reached skill level 1 in Invocations
  1125 | D:1      | Reached skill level 1 in Short Blades
  1125 | D:1      | Reached skill level 1 in Long Blades
  1125 | D:1      | Reached skill level 1 in Axes
  1125 | D:1      | Reached skill level 1 in Maces & Flails
  1125 | D:1      | Reached skill level 1 in Polearms
  1125 | D:1      | Reached skill level 1 in Staves
  1125 | D:1      | Reached skill level 1 in Slings
  1125 | D:1      | Reached skill level 1 in Bows
  1125 | D:1      | Reached skill level 1 in Crossbows
  1125 | D:1      | Reached skill level 1 in Throwing
  1125 | D:1      | Reached skill level 1 in Armour
  1125 | D:1      | Reached skill level 1 in Shields
  1125 | D:1      | Reached skill level 1 in Spellcasting
  1125 | D:1      | Reached skill level 1 in Evocations
  1207 | D:2      | Reached XP level 4. HP: 36/41 MP: 5/5
  1814 | D:2      | Reached skill level 1 in Conjurations
  1814 | D:2      | Reached skill level 1 in Hexes
  1814 | D:2      | Reached skill level 1 in Summonings
  1814 | D:2      | Reached skill level 1 in Necromancy
  1814 | D:2      | Reached skill level 1 in Translocations
  1814 | D:2      | Reached skill level 1 in Transmutations
  1814 | D:2      | Reached skill level 1 in Fire Magic
  1814 | D:2      | Reached skill level 1 in Ice Magic
  1814 | D:2      | Reached skill level 1 in Air Magic
  1814 | D:2      | Reached skill level 1 in Earth Magic
  1814 | D:2      | Reached skill level 1 in Poison Magic
  2106 | D:3      | Found a basalt altar of Yredelemnul.
  2251 | D:3      | Found a bloodstained altar of Trog.
  2796 | D:2      | Reached XP level 5. HP: 44/47 MP: 5/7
  3512 | D:3      | Found a faded altar of an unknown god.
  3559 | D:4      | Reached skill level 2 in Invocations
  3559 | D:4      | Reached XP level 6. HP: 49/53 MP: 8/8
  3970 | D:4      | Reached skill level 2 in Short Blades
  3970 | D:4      | Reached skill level 2 in Long Blades
  3970 | D:4      | Reached skill level 2 in Axes
  3970 | D:4      | Reached skill level 2 in Maces & Flails
  3970 | D:4      | Reached skill level 2 in Polearms
  3970 | D:4      | Reached skill level 2 in Staves
  3970 | D:4      | Reached skill level 2 in Slings
  3970 | D:4      | Reached skill level 2 in Bows
  3970 | D:4      | Reached skill level 2 in Crossbows
  3970 | D:4      | Reached skill level 2 in Throwing
  3970 | D:4      | Reached skill level 2 in Armour
  3970 | D:4      | Reached skill level 2 in Shields
  3970 | D:4      | Reached skill level 2 in Spellcasting
  3970 | D:4      | Reached skill level 2 in Evocations
  4162 | D:5      | Entered Level 5 of the Dungeon
  4162 | D:5      | Found Foucsix's Armour Shoppe.
  4373 | D:5      | Reached XP level 7. HP: 46/59 MP: 10/10
  4452 | D:5      | Found a staircase to the Ecumenical Temple.
  4500 | Temple   | Entered the Ecumenical Temple
  4671 | D:5      | Slain by an ogre

Vanquished Creatures
  An ogre (D:4)
  3 hounds (D:3)
  2 orc priests
  An orc wizard (D:5)
  2 hound skeletons (D:4)
  4 gnolls
  3 adders
  2 adder skeletons (D:4)
  3 worms
  A dart slug (D:1)
  9 orcs
  8 ball pythons
  7 endoplasms
  2 giant cockroaches
  8 goblins
  6 hobgoblins
  4 jackals (D:1)
  8 kobolds
  4 quokkas
  5 bats
  6 rats
89 creatures vanquished.
